 Dungeon Crawl Stone Soup version 0.31-a0-1467-g53b6572822 (webtiles) character file.

Game seed: 3129229599082677443

2577 IronBiby the Mimic (level 9, -4/57 HPs)
             Began as an Octopode Shapeshifter on Dec 28, 2023.
             Was an Initiate of Gozag.
             Killed from afar by an acid dragon (22 damage)
             ... with a splash of acid
             ... on level 8 of the Dungeon.
             The game lasted 00:14:09 (8077 turns).

IronBiby the Mimic (Octopode Shapeshifter)          Turns: 8077, Time: 00:14:10

Health: -4/57      AC: -5    Str: 13    XL:     9   Next: 57%
Magic:  0/9        EV: 17    Int: 12    God:    Gozag
Gold:   709        SH:  0    Dex: 16    Spells: 8/8 levels left

rFire   . .          .
                       - Unarmed
rCold   + . .        (shield currently unavailable)
rNeg    . . .        (helmet restricted)
rPois   .            i - amulet of guardian spirit
rElec   .            (no ring)
rCorr   .            (no ring)
SInv    .            (no ring)
Will    .....        (no ring)
Stlth   ++           (no ring)
HPRegen 0.29/turn    (no ring)
MPRegen 0.11/turn    (no ring)
                     (no ring)

%: guardian spirit
@: flux-form, corroded, gold aura, glowing
A: glow, contaminating, almost no armour, amphibious, 8 rings, camouflage 1,
gelatinous body 1, (nimble swimmer 1), tentacles, iridescent scales 1, cold
resistance 1, MP-powered wands
a: Begin Untransformation, Renounce Religion, Potion Petition, Call Merchant,
Bribe Branch


You were on level 8 of the Dungeon.
You worshipped Gozag.
Gozag was pleased with you.
You were something dangerously unstable.
You visited 2 branches of the dungeon, and saw 9 of its levels.

You collected 771 gold pieces.
You paid 62 gold pieces to Gozag.

Inventory:

Hand Weapons
 n - a +0 sling
 r - a +1 dagger of venom
Missiles
 l - 48 stones
Armour
 s - an orb of mayhem
 y - a +0 tower shield
Jewellery
 e - a ring of poison resistance
 i - an amulet of guardian spirit (around mantle)
 m - an amulet of faith
 p - an amulet of magic regeneration
 v - a ring of protection from fire
Talismans
 c - a flux talisman (active)
 o - a maw talisman
 B - a beast talisman
Wands
 f - a wand of paralysis (14)
 t - a wand of iceblast (5)
 x - a wand of mindburst (32)
 z - a wand of polymorph (10)
Scrolls
 j - 3 scrolls of torment
 q - 2 scrolls of enchant armour
 u - 2 scrolls of blinking
 w - a scroll of immolation
Potions
 a - a potion of lignification
 b - a potion of curing
 g - 3 potions of enlightenment
 h - a potion of ambrosia
 k - a potion of heal wounds


   Skills:
 - Level 3.5 Fighting
 - Level 2.0 Dodging
 - Level 7.3 Stealth
 + Level 6.0 Unarmed Combat
 * Level 9.4 Shapeshifting


You had 8 spell levels left.
You didn't know any spells.
Your spell library contained the following spells:

 Spells                   Type           Power      Damage    Failure   Level
 Call Imp                 Summ           0%         N/A       45%         2
 Sublimation of Blood     Necr           0%         N/A       45%         2
 Summon Hydra             Summ           0%         N/A       100%        7


Dungeon Overview and Level Annotations

Branches:
Dungeon (8/15)             Temple (1/1) D:4
   Lair: D:8-11

Altars:
Ashenzari
Cheibriados
Dithmenos
Fedhas
Gozag
Hepliaklqana
Makhleb
Nemelex Xobeh
Okawaru
Qazlal
Ru
Sif Muna
Trog
Uskayaw
Vehumet
Wu Jian
Xom
Yredelemnul


Innate Abilities, Weirdness & Mutations

You are something dangerously unstable.
You glow with magical radiation, making you easy to see and hit.
Foes you strike become dangerously contaminated with magical radiation.
You are incapable of wielding weapons or throwing items.
You cannot wear most types of armour.
You are amphibious.
You can wear up to eight rings at the same time.
Your skin changes colour to match your surroundings (Stealth+).
Your rubbery body absorbs attacks. (AC +1, EV +1)
((You are camouflaged when in or above water. (Stealth+)))
You have tentacles for arms and can constrict up to eight enemies at once.
You are partially covered in iridescent scales. (AC +2)
Your flesh is cold resistant. (rC+)
You expend magic power (3 MP) to strengthen your wands.


Message History

j - 3 scrolls of torment (gained 1)
There are no items here.
Found a leather armour.
Key pressed, stopping explore.
No target in view!
No target in view!
No target in view!
An acid dragon comes into view.
Unknown command.
A bullfrog comes into view.
A bullfrog is nearby!
The bullfrog gives a loud, deep croak!
You hear a shout! x3
A kobold comes into view.
It is wielding a +0 club and quivering poisoned darts.
You barely miss the bullfrog.
The acid dragon roars!
You grab the bullfrog. You constrict the bullfrog.
You hear a shout! x3
The bullfrog closely misses you. The bullfrog barely misses you.
You tentacle-slap the bullfrog.
The bullfrog begins to glow.
You squeeze the bullfrog.
The bullfrog is heavily wounded.
You constrict the bullfrog. The bullfrog barely misses you.
You bludgeon the bullfrog!
The bullfrog glows dangerously bright.
The bullfrog is almost dead.
You constrict the bullfrog.
You kill the bullfrog!
A kobold comes into view. It is wielding a +0 short sword.
The acid dragon spits acid at you. The splash of acid hits you!!
The acid corrodes you!
You hear a shout!
The acid dragon spits acid at you. The splash of acid hits you!!
* * * LOW HITPOINT WARNING * * *
The acid corrodes you!
There is a stone staircase leading up here.
The kobold throws a poisoned dart.
The poisoned dart misses you. The acid dragon spits acid at you.
The splash of acid hits you!!
You die...
Your body crumbles into a pile of gold.

#.# ##..#.......## ######...
### ##..........###........
##..............####D.
#.........######
##.........##########.. ####
#...........K.......... #..##
#...............$...... ##..##
#...................... #...##
#.....p....D...........
#....###..........K...........
##...##..#####################
#......## ###....## #......#
##.....## #......##
##.......##


You could see an acid dragon (catching breath) and 2 kobolds.

Vanquished Creatures
  Sigmund (D:7)
  A steam dragon (D:7)
  Edmund (D:7)
  2 water moccasins
  A black bear (D:6)
  2 ice beasts (D:6)
  A sky beast (D:7)
  3 centaurs
  A bullfrog (D:8)
  8 wights
  5 killer bees (D:7)
  3 bombardier beetles
  3 hounds
  2 jellies (D:5)
  A sleepcap (D:5)
  5 iguanas
  An orc wizard (D:5)
  10 adders
  8 gnolls
  A white imp (D:7)
  A worm (D:2)
  2 dart slugs
  5 orcs
  7 bats
  5 endoplasms
  4 giant cockroaches
  5 goblins
  7 hobgoblins
  3 kobolds
  5 quokkas
  6 ball pythons
  5 frilled lizards
  2 rats (D:1)
117 creatures vanquished.

Notes
Turn   | Place    | Note
-------+----------+-------------------------------------------
     0 | D:1      | IronBiby the Octopode Shapeshifter began the quest for the
                  | Orb.
     0 | D:1      | Reached XP level 1. HP: 13/13 MP: 1/1
   149 | D:1      | Reached skill level 1 in Stealth
   153 | D:1      | Found a faded altar of an unknown god.
   166 | D:1      | Reached XP level 2. HP: 15/18 MP: 2/2
   449 | D:1      | Reached XP level 3. HP: 22/23 MP: 3/3
   885 | D:2      | Reached skill level 4 in Shapeshifting
   992 | D:2      | Reached XP level 4. HP: 28/28 MP: 2/4
  1194 | D:2      | Reached XP level 5. HP: 19/33 MP: 2/5
  1885 | D:3      | Found a sacrificial altar of Ru.
  2084 | D:3      | Found a shimmering blue altar of Sif Muna.
  2234 | D:4      | Reached skill level 5 in Shapeshifting
  2347 | D:4      | Reached XP level 6. HP: 27/38 MP: 6/6
  2506 | D:4      | Found a staircase to the Ecumenical Temple.
  2516 | Temple   | Entered the Ecumenical Temple
  2541 | Temple   | Became a worshipper of Gozag Ym Sagoz the Greedy
  2902 | D:4      | Found an ornate altar of the Wu Jian Council.
  2902 | D:4      | Found a stormy altar of Qazlal.
  3218 | D:5      | Entered Level 5 of the Dungeon
  3228 | D:5      | Reached skill level 5 in Stealth
  3506 | D:5      | Noticed a water moccasin
  3510 | D:5      | Killed a water moccasin
  3511 | D:5      | Reached skill level 6 in Shapeshifting
  3511 | D:5      | Reached XP level 7. HP: 38/43 MP: 5/7
  4539 | D:7      | Gained mutation: You expend magic power (3 MP) to
                  | strengthen your wands. [potion of mutation]
  4539 | D:7      | Gained mutation: Your flesh is cold resistant. (rC+)
                  | [potion of mutation]
  4539 | D:7      | Gained mutation: You are partially covered in iridescent
                  | scales. (AC +2) [potion of mutation]
  4540 | D:7      | HP: 1/43 [something (5)]
  4576 | D:7      | Noticed a steam dragon
  4594 | D:7      | Killed a steam dragon
  4595 | D:7      | Reached skill level 7 in Shapeshifting
  4595 | D:7      | Reached XP level 8. HP: 15/48 MP: 2/8
  5136 | D:6      | Found a hide-covered altar of Uskayaw.
  5989 | D:7      | Reached skill level 8 in Shapeshifting
  6236 | D:7      | Reached XP level 9. HP: 44/57 MP: 7/9
  6330 | D:7      | Paralysed by a wight for 4 turns
  6342 | D:6      | Reached skill level 5 in Unarmed Combat
  7240 | D:7      | Noticed Edmund
  7260 | D:7      | Reached skill level 9 in Shapeshifting
  7346 | D:7      | Killed Edmund
  7537 | D:7      | Noticed Sigmund
  7542 | D:7      | Killed Sigmund
  8077 | D:8      | Killed from afar by an acid dragon

Illustrated notes

Levels and vault maps discovered:
D:1:      roderic_crop_circles_arrival_small, layout_basic,
          ebering_ecumenical_altar_mist, feat_on_display
D:2:      layout_basic
D:3:      layout_loops_cross, mainiacjoe_overflow_surrounded_room,
          hangedman_ru_absence
D:4:      layout_basic, gammafunk_temple_overflow_statue, temple_green
D:5:      layout_basic
D:6:      layout_cave_pools, marbit_many_paths
D:7:      layout_cave_pools, amcnicky_mini_rare_corridor_liquid,
          sigmund_edmund_badplayer
D:8:      layout_cave_pods, dreamdust_divine_triumvirate
Temple:   oiseaux_autumnal_temple

Skill      XL: |  1  2  3  4  5  6  7  8  9 |
---------------+----------------------------+-----
Stealth        | 1 2 3 4 5 7 |  7.3
Shapeshifting  | 4 5 6 7 8 9 |  9.4
Fighting       | 3 |  3.5
Unarmed Combat | 4 6 |  6.0
Dodging        | |  2.0

Action                     |  1- 3 |  4- 6 |  7- 9 || total
---------------------------+-------+-------+-------++-------
  Melee: Unarmed           |    50 |   103 |   165 ||   318
         Constrict         |    13 |    32 |    32 ||    77
         Tentacles         |     7 |    30 |    50 ||    87
         Punch             |     4 |     5 |     2 ||    11
Ability: Begin Untransform |       |       |     1 ||     1
  Evoke: Wand              |       |       |     4 ||     4
    Use: Scroll            |     7 |     6 |     6 ||    19
         Potion            |       |       |     7 ||     7
   Stab: Sleeping          |     8 |     7 |     2 ||    17
         Distracted        |       |     1 |       ||     1
         Paralysed         |       |       |     7 ||     7
 Armour: Skin              |     9 |    45 |    98 ||   152
  Dodge: Dodged            |    23 |    48 |   178 ||   249
   Form: Flux              |       |       |     1 ||     1

Table legend: (Time is in decaauts)
 A = Elapsed time spent in this place.
 B = Non-inter-level travel time spent in this place.
 C = Inter-level travel time spent in this place.
 D = Time resting spent in this place.
 E = Time spent auto-exploring this place.
 F = Levels seen in this place.
 G = Mean time per level.
                   A        B        C        D        E       F      G
               +--------+--------+--------+--------+--------+-----+--------+
         Total |   8031 |   7705 |    326 |   2893 |   3501 |   9 |  892.3 |
       Dungeon |   7980 |   7703 |    277 |   2893 |   3501 |   8 |  997.5 |
        Temple |     50 |      1 |     49 |      0 |      0 |   1 |   50.0 |
               +--------+--------+--------+--------+--------+-----+--------+

Top non-repeatable levels by time:
     D:7: 2016 daAuts
     D:6: 1464 daAuts
     D:4: 1099 daAuts
     D:5: 1007 daAuts
     D:2: 889 daAuts
     D:3: 683 daAuts
     D:1: 649 daAuts
     D:8: 170 daAuts
  Temple: 50 daAuts
